 Dungeon Crawl Stone Soup version 0.18.1-1-g2f07953 (webtiles) character file.

741 MTVSty1e the Shield-Bearer (level 7, -3/62 HPs)
             Began as a Minotaur Fighter on May 6, 2016.
             Was a Follower of Okawaru.
             Slain by an orc
             ... wielding a +0 mace
              (4 damage)
             ... on level 5 of the Dungeon.
             The game lasted 00:12:13 (3987 turns).

MTVSty1e the Shield-Bearer (Minotaur Fighter)       Turns: 3987, Time: 00:12:16

Health: -3/62      AC: 17    Str: 23    XL:     7   Next: 47%
Magic:  4/6        EV: 20    Int:  5    God:    Okawaru [*.....]
Gold:   306        SH: 13    Dex: 14    Spells: 0 memorised, 6 levels left

rFire  . . .     SeeInvis .     v - +1 flail (drain)
rCold  . . .     Gourm    .     t - +0 plate armour
rNeg   . . .     Faith    .     c - +1 shield
rPois  .         Spirit   .     (helmet restricted)
rElec  .         Dismiss  .     x - +0 cloak
rCorr  .         Reflect  .     s - +0 pair of gloves
SustAt .         Harm     .     (no boots)
MR     .....     Rnd*Rage +     (no amulet)
Stlth  ..........               (no ring)
                                f - +5 ring of evasion

@: agile, heroism, not resistant to hostile enchantments, extremely unstealthy
A: retaliatory headbutt, horns 2, berserk 1, regeneration 1, wild magic 1
a: Heroism, Renounce Religion


You were on level 5 of the Dungeon.
You worshipped Okawaru.
Okawaru was aware of your devotion.
You were not hungry.

You visited 1 branch of the dungeon, and saw 5 of its levels.

You collected 306 gold pieces.

Inventory:

Hand Weapons
 a - a +1 war axe
 j - a -3 spear
 v - a +1 flail of draining (weapon)
 w - a +2 quarterstaff of chaos
Armour
 b - a +0 scale mail
 c - a +1 shield (worn)
 s - a +0 pair of gloves (worn)
 t - a +0 plate armour (worn)
 x - a +0 cloak (worn)
Jewellery
 f - a +5 ring of evasion (left hand)
Scrolls
 d - a scroll of recharging
 k - 2 scrolls of amnesia
 m - a scroll of teleportation
 r - a scroll of fear
 u - 4 scrolls of identify
 y - a scroll of remove curse
 A - a scroll of enchant weapon
Potions
 g - 3 potions of curing
 i - a potion of haste {unknown}
 l - a potion of heal wounds {unknown}
 n - a potion of magic {unknown}
 p - a potion of cancellation
 z - a potion of agility
Comestibles
 o - 2 beef jerkies
 q - a meat ration
 B - a slice of pizza


   Skills:
 * Level 5.7(10.7) Fighting
 * Level 4.2(9.5) Axes
 * Level 2.2(8.5) Maces & Flails
 - Level 0.2(7.6) Polearms
 + Level 5.2(10.2) Armour
 * Level 4.2(9.2) Dodging
 + Level 5.8(10.8) Shields


You had 6 spell levels left.
You didn't know any spells.

Dungeon Overview and Level Annotations

Branches:
Dungeon (5/15)
 Temple: D:4-7

Altars:
Dithmenos
Okawaru
Qazlal
Ru
Trog
Vehumet

Shops:
D:4 (


Innate Abilities, Weirdness & Mutations

You reflexively headbutt those who attack you in melee.
You have a pair of horns on your head.
You tend to lose your temper in combat.
Your natural rate of healing is unusually fast.
Your spells are a little harder to cast, but a little more powerful.


Message History

You furiously retaliate!
You headbutt the orc priest!
The orc priest calls down the wrath of Beogh upon you.
You struggle to resist.
You block the orc's attack. x2
Drink which item? (? for menu, Esc to quit)
It was a potion of cancellation.
You feel magically purged. The orc priest closely misses you.
You furiously retaliate!
You headbutt the orc priest!
You kill the orc priest!
Okawaru accepts your kill.
The orc priest hits you but does no damage.
You block the orc's attack.
Drink which item? (? for menu, Esc to quit)
It was a potion of agility.
You feel agile all of a sudden. The orc misses you.
The orc priest invokes the aid of Beogh against you.
Beogh smites you!
* * * LOW HITPOINT WARNING * * *
You block the orc's attack. The orc hits you with a mace.
You die...

....# ....# ....o ....##
#..... .....#### ###......
........## #######........
.....##..# #....##........
.....###.# #....##......(.
.....# #.###...o##w.......
.....# #........@ol.......
####.# #...#...ooo........
####...##.......##.......#
..##........)...##....$...
#.# .###......#######.#.
#.####..###.....# #
#..#......#......
##.#..............
...†.........


You could see a worm, an iguana, an orc priest and 4 orcs.

Vanquished Creatures
  The ghost of varam the Covert, an amateur SpEn (D:4)
  The ghost of barakagiga the Chucker, an amateur OgHu (D:3)
  2 scorpions (D:4)
  An orc priest (D:5)
  A hound (D:5)
  Crazy Yiuf (D:3)
  3 orc wizards
  An iguana (D:4)
  Ijyb (D:3)
  3 gnolls (D:4)
  7 adders
  3 oozes
  4 worms
  3 dart slugs
  2 giant geckos
  16 orcs
  3 bats
  4 giant cockroaches
  6 hobgoblins
  11 jackals
  A quokka (D:5)
  5 giant newts
  10 goblins
  5 kobolds
  A quokka zombie (D:3)
  8 rats
  2 fungi
106 creatures vanquished.

Notes
Turn   | Place    | Note
--------------------------------------------------------------
     0 | D:1      | MTVSty1e the Minotaur Fighter began the quest for the Orb.
     0 | D:1      | Reached XP level 1. HP: 19/19 MP: 0/0
   235 | D:1      | Reached XP level 2. HP: 27/27 MP: 1/1
   748 | D:2      | Reached XP level 3. HP: 29/33 MP: 2/2
   906 | D:2      | Found a bloodstained altar of Trog.
   908 | D:2      | Found a stormy altar of Qazlal.
   952 | D:2      | Reached skill level 1 in Dodging
  1157 | D:2      | Reached XP level 4. HP: 38/41 MP: 3/3
  1396 | D:3      | Noticed Ijyb
  1408 | D:3      | Killed Ijyb
  1736 | D:3      | Reached XP level 5. HP: 47/47 MP: 4/4
  1748 | D:3      | Noticed barakagiga's ghost (amateur OgHu)
  1775 | D:3      | Killed barakagiga's ghost
  1780 | D:3      | Reached skill level 5 in Fighting
  2028 | D:3      | Reached XP level 6. HP: 56/56 MP: 5/5
  2364 | D:3      | Reached skill level 5 in Shields
  2668 | D:3      | Noticed Crazy Yiuf
  2673 | D:3      | Killed Crazy Yiuf
  2729 | D:2      | Found a radiant altar of Vehumet.
  2729 | D:2      | Found a sacrificial altar of Ru.
  2732 | D:2      | Found an iron altar of Okawaru.
  2741 | D:2      | Became a worshipper of Warmaster Okawaru
  2979 | D:4      | Reached skill level 1 in Maces & Flails
  3020 | D:4      | Reached skill level 5 in Armour
  3135 | D:4      | Found a sacrificial altar of Ru.
  3282 | D:4      | Found Baodighi's Weapon Emporium.
  3296 | D:4      | Found a shadowy altar of Dithmenos.
  3355 | D:4      | Reached * piety under Okawaru
  3355 | D:4      | Reached XP level 7. HP: 59/61 MP: 6/6
  3778 | D:4      | Noticed varam's ghost (amateur SpEn)
  3833 | D:4      | Killed varam's ghost
  3879 | D:5      | Entered Level 5 of the Dungeon
  3985 | D:5      | Gained mutation: Your spells are a little harder to cast, but a little more powerful. [potion of mutation]
  3985 | D:5      | Gained mutation: You tend to lose your temper in combat. [potion of mutation]
  3985 | D:5      | Gained mutation: Your natural rate of healing is unusually fast. [potion of mutation]
  3987 | D:5      | HP: 1/62 [orc priest/divine providence (8)]
  3987 | D:5      | Slain by an orc

Skill      XL: |  1  2  3  4  5  6  7 |
---------------+----------------------+-----
Shields        | 4 5 |  5.8
Fighting       | 4 5 |  5.7
Dodging        | 1 2 3 4 |  4.2
Axes           | 3 4 |  4.2
Armour         | 4 5 |  5.2
Maces & Flails | 1 2 |  2.2
Polearms       | |  0.2

Action                   |  1- 3 |  4- 6 |  7- 9 || total
-------------------------+-------+-------+-------++-------
Melee: War axe           |    11 |    51 |       ||    62
       Spear             |   109 |    34 |       ||   143
       Headbutt          |    18 |    39 |     8 ||    65
       Flail             |       |   102 |    76 ||   178
Invok: Heroism           |       |       |     1 ||     1
  Use: Scroll            |     6 |     4 |       ||    10
       Potion            |       |     1 |     4 ||     5
  Eat: Bread ration      |     1 |     1 |       ||     2
       Meat ration       |       |       |     1 ||     1
Armor: Scale mail        |    59 |     6 |       ||    65
       Plate armour      |       |    68 |    37 ||   105
Dodge: Dodged            |    39 |    80 |    32 ||   151
Block: Shield            |    55 |   105 |    68 ||   228
